TOP OF THE 1ST |
University of Illinois Fighting Illini batting - Pitching for Ohio State University Buckeyes : RHP Ben Fekete
|
Pitching: RHP Ben Fekete
|
|
Batting: RHB Qian Tai
|
0-0: Called Strike 0-1: SINGLE (Line Drive, 7S, EV 104.4 MPH)
|
Batting: LHB Jessie Stewart
|
0-0: Ball 1-0: Foul Ball, location: 2F 1-1: Called Strike 1-2: Strikes out swinging
|
Batting: SHB Dan Strickland
|
0-0: Called Strike 0-1: Grounds into double play, 6-4-3 (Groundball, 6, EV 85.6 MPH)
|
Top of the 1st over - 0 runs, 1 hit, 0 errors, 0 left on base; University of Illinois 0 - Ohio State University 0 |
BOTTOM OF THE 1ST |
Ohio State University Buckeyes batting - Pitching for University of Illinois Fighting Illini : RHP Brian Walker
|
Pitching: RHP Brian Walker
|
|
Batting: RHB David Guillen
|
0-0: Called Strike 0-1: Foul Ball, location: 2F 0-2: Ball 1-2: Foul Ball, location: 2F 1-2: Strikes out swinging
|
Batting: RHB Jacob Carrano
|
0-0: Called Strike 0-1: Foul Ball, location: 2F 0-2: Ball 1-2: Ball 2-2: Ground out 6-3 (Groundball, 6M, EV 86.2 MPH)
|
Batting: LHB Tony Abascal
|
0-0: Ball 1-0: Called Strike 1-1: Swinging Strike 1-2: SINGLE (Line Drive, 78M, EV 104.4 MPH)
|
Batting: RHB Tristan Gimple
|
0-0: Ball 1-0: Foul Ball, location: 2F 1-1: Ball Wild Pitch! Tony Abascal to second 2-1: SINGLE (Groundball, 34D, EV 101.2 MPH) Tony Abascal to third
|
Batting: LHB Zach Brandt
|
0-0: 3-RUN HOME RUN (Flyball, 89XD, EV 100.6 MPH), Distance : 415 ft
|
Batting: RHB Masatoshi Mori
|
0-0: Swinging Strike 0-1: Foul Ball, location: 2F 0-2: Ball 1-2: Ball 2-2: Strikes out swinging
|
Bottom of the 1st over - 3 runs, 3 hits, 0 errors, 0 left on base; University of Illinois 0 - Ohio State University 3 |
TOP OF THE 2ND |
University of Illinois Fighting Illini batting - Pitching for Ohio State University Buckeyes : RHP Ben Fekete
|
Batting: LHB Alex Rivera
|
0-0: Foul Ball, location: 2F 0-1: Ball 1-1: Foul Ball, location: 2F 1-2: Foul Ball, location: 2F 1-2: Strikes out looking
|
Batting: RHB Edwardo Tanchez
|
0-0: Ball 1-0: Ball 2-0: Called Strike 2-1: Foul Ball, location: 2F 2-2: Foul Ball, location: 2F 2-2: SINGLE (Groundball, 4MD, EV 105.0 MPH)
|
Batting: LHB Antonio Sandoval
|
0-0: SINGLE (Groundball, 34D, EV 98.8 MPH) Edwardo Tanchez to second Runner from 2nd tries for 3rd, SAFE, no throw by RF
|
Batting: LHB Alex Ramos
|
0-0: Called Strike 0-1: Ball 1-1: Ball 2-1: Ball Wild Pitch! Edwardo Tanchez scores Antonio Sandoval to second 3-1: Base on Balls
|
Batting: RHB Kyle Verkamp
|
0-0: Fielders Choice at 2nd, 4-6 (Groundball, 4, EV 92.5 MPH) Antonio Sandoval to third
|
Batting: SHB Josh Thomson
|
0-0: Foul Ball, location: 2F 0-1: Foul Ball, location: 2F 0-2: Ground out 4-3 (Groundball, 34, EV 85.6 MPH)
|
Top of the 2nd over - 1 run, 2 hits, 0 errors, 2 left on base; University of Illinois 1 - Ohio State University 3 |
BOTTOM OF THE 2ND |
Ohio State University Buckeyes batting - Pitching for University of Illinois Fighting Illini : RHP Brian Walker
|
Batting: RHB Bo Wu
|
0-0: Called Strike 0-1: Ball 1-1: Called Strike 1-2: Ball 2-2: Ball 3-2: Strikes out swinging
|
Batting: LHB Anthony Ross
|
0-0: Foul Ball, location: 2F 0-1: Swinging Strike 0-2: Ball 1-2: Ball 2-2: Strikes out swinging
|
Batting: RHB Josh Dinsmore
|
0-0: Ground out U3 (Groundball, 3S, EV 83.8 MPH)
|
Bottom of the 2nd over - 0 runs, 0 hits, 0 errors, 0 left on base; University of Illinois 1 - Ohio State University 3 |
TOP OF THE 3RD |
University of Illinois Fighting Illini batting - Pitching for Ohio State University Buckeyes : RHP Ben Fekete
|
Batting: RHB Qian Tai
|
0-0: Foul Ball, location: 2F 0-1: Ball 1-1: SINGLE (Groundball, 6, EV 104.4 MPH)
|
Batting: LHB Jessie Stewart
|
0-0: Ball 1-0: Ball 2-0: Called Strike 2-1: Ball Pickoff Throw by Catcher to First - Out! 3-1: Foul Ball, location: 2F 3-2: Base on Balls
|
Batting: SHB Dan Strickland
|
0-0: Called Strike 0-1: Ball 1-1: Ball 2-1: SINGLE (Flyball, 8RS, EV 91.9 MPH) Jessie Stewart to second Runner from 2nd tries for 3rd, SAFE, no throw by CF
|
Batting: LHB Alex Rivera
|
0-0: Ball 1-0: Called Strike 1-1: Ball 2-1: Foul Ball, location: 2F 2-2: Ball 3-2: DOUBLE (Flyball, 8RXD, EV 91.9 MPH) Jessie Stewart scores Dan Strickland to third
|
Batting: RHB Edwardo Tanchez
|
0-0: Called Strike 0-1: Ball 1-1: Ball 2-1: Called Strike 2-2: Ball 3-2: Ground out 6-3 (Groundball, 6, EV 87.5 MPH) Dan Strickland scores
|
Batting: LHB Antonio Sandoval
|
0-0: Ball 1-0: SINGLE (Groundball, 34S, EV 68.8 MPH) (infield hit) Alex Rivera to third
|
Batting: LHB Alex Ramos
|
0-0: SINGLE (Line Drive, 7LS, EV 97.5 MPH) Alex Rivera scores Antonio Sandoval to second
|
Batting: RHB Kyle Verkamp
|
0-0: Ball 1-0: Ground out 4-3 (Groundball, 4, EV 80.0 MPH)
|
Top of the 3rd over - 3 runs, 5 hits, 0 errors, 2 left on base; University of Illinois 4 - Ohio State University 3 |
BOTTOM OF THE 3RD |
Ohio State University Buckeyes batting - Pitching for University of Illinois Fighting Illini : RHP Brian Walker
|
Batting: RHB David Guillen
|
0-0: Ball 1-0: Ball 2-0: Ball 3-0: Base on Balls
|
Batting: RHB Jacob Carrano
|
0-0: Called Strike 0-1: Fielders Choice at 2nd, 4-6 (Groundball, 4S, EV 95.0 MPH)
|
Batting: LHB Tony Abascal
|
0-0: Fly out, F7 (Flyball, 78XD, EV 106.2 MPH)
|
Batting: RHB Tristan Gimple
|
0-0: Called Strike 0-1: SINGLE (Flyball, 6D, EV 93.8 MPH) Jacob Carrano to second Runner from 2nd tries for 3rd, SAFE, no throw by CF
|
Batting: LHB Zach Brandt
|
0-0: Called Strike 0-1: Foul Ball, location: 2F 0-2: Hit by Pitch Tristan Gimple to second
|
Batting: RHB Masatoshi Mori
|
0-0: Called Strike 0-1: Called Strike 0-2: Ball 1-2: Ball 2-2: Foul Ball, location: 2F 2-2: Ball 3-2: Ground out U3 (Groundball, 34, EV 86.2 MPH)
|
Bottom of the 3rd over - 0 runs, 1 hit, 0 errors, 3 left on base; University of Illinois 4 - Ohio State University 3 |
TOP OF THE 4TH |
University of Illinois Fighting Illini batting - Pitching for Ohio State University Buckeyes : RHP Ben Fekete
|
Batting: SHB Josh Thomson
|
0-0: Ball 1-0: Called Strike 1-1: Fly out, F6 (Popup, P, EV 83.8 MPH)
|
Batting: RHB Qian Tai
|
0-0: Ball 1-0: Ball 2-0: Ball 3-0: Base on Balls
|
Batting: LHB Jessie Stewart
|
0-0: Foul Ball, location: 2F 0-1: Called Strike 0-2: Foul Ball, location: 2F 0-2: Ball 1-2: Ball 2-2: Ball 3-2: Foul Ball, location: 2F 3-2: Fly out, F8 (Flyball, 8LM, EV 91.2 MPH)
|
Pinch Hitting: RHB Bobby Raya
|
0-0: Called Strike 0-1: Ball 1-1: Ground out 6-3 (Groundball, 6S, EV 72.5 MPH)
|
Top of the 4th over - 0 runs, 0 hits, 0 errors, 1 left on base; University of Illinois 4 - Ohio State University 3 |
BOTTOM OF THE 4TH |
Ohio State University Buckeyes batting - Pitching for University of Illinois Fighting Illini : RHP Brian Walker
|
Now at 3B: Bobby Raya
|
|
Batting: RHB Bo Wu
|
0-0: SOLO HOME RUN (Flyball, 89XD, EV 100.0 MPH), Distance : 423 ft
|
Batting: LHB Anthony Ross
|
0-0: Called Strike 0-1: Ball 1-1: Swinging Strike 1-2: Ball 2-2: Foul Ball, location: 2F 2-2: Foul Ball, location: 2F 2-2: Fly out, F9 (Flyball, 9S, EV 88.1 MPH)
|
Batting: RHB Josh Dinsmore
|
0-0: Ball 1-0: Ball 2-0: Ground out U3 (Groundball, 34, EV 90.6 MPH)
|
Pinch Hitting: RHB Marcelo Bardelli
|
0-0: Ball 1-0: Ball 2-0: Fly out, F9 (Flyball, 89S, EV 90.0 MPH)
|
Bottom of the 4th over - 1 run, 1 hit, 0 errors, 0 left on base; University of Illinois 4 - Ohio State University 4 |
TOP OF THE 5TH |
University of Illinois Fighting Illini batting - Pitching for Ohio State University Buckeyes : RHP Ben Fekete
|
Now at C: Bill Daniel
|
|
Now at 2B: Marcelo Bardelli
|
|
Now at 3B: Mike Tarantino
|
|
Batting: LHB Alex Rivera
|
0-0: Ball 1-0: Called Strike 1-1: Foul Ball, location: 2F 1-2: Ground out 3-1 (Groundball, 34, EV 106.2 MPH)
|
Pitching: LHP David Shady
|
|
Batting: RHB Edwardo Tanchez
|
0-0: Called Strike 0-1: Ball 1-1: Swinging Strike 1-2: Foul Ball, location: 2F 1-2: Foul Ball, location: 2F 1-2: Strikes out swinging
|
Batting: RHB Arnold Schuler
|
0-0: SINGLE (Line Drive, 3D, EV 110.0 MPH)
|
Batting: LHB Alex Ramos
|
0-0: Ball 1-0: Ball 2-0: Ball 3-0: Base on Balls Arnold Schuler to second
|
Batting: RHB Kyle Verkamp
|
0-0: Fly out, F9 (Line Drive, 9S, EV 91.9 MPH)
|
Top of the 5th over - 0 runs, 1 hit, 0 errors, 2 left on base; University of Illinois 4 - Ohio State University 4 |
BOTTOM OF THE 5TH |
Ohio State University Buckeyes batting - Pitching for University of Illinois Fighting Illini : RHP Brian Walker
|
Pitching: RHP Steve Powell
|
|
Now at C: Caleb Dean
|
|
Now in LF: Salvador Ramos
|
|
Batting: RHB Jacob Carrano
|
0-0: Ball 1-0: Swinging Strike 1-1: Swinging Strike 1-2: Foul Ball, location: 2F 1-2: Strikes out swinging
|
Batting: LHB Tony Abascal
|
0-0: Ball 1-0: Ball 2-0: Called Strike 2-1: Swinging Strike 2-2: Strikes out swinging
|
Pinch Hitting: LHB Adam Simpson
|
0-0: Fly out, F6 (Line Drive, 6, EV 70.6 MPH)
|
Bottom of the 5th over - 0 runs, 0 hits, 0 errors, 0 left on base; University of Illinois 4 - Ohio State University 4 |
TOP OF THE 6TH |
University of Illinois Fighting Illini batting - Pitching for Ohio State University Buckeyes : LHP David Shady
|
Pitching: RHP Roberto Morado
|
|
Now at 1B: Adam Simpson
|
|
Batting: SHB Josh Thomson
|
0-0: Ball 1-0: Foul Ball, location: 2F 1-1: Ball 2-1: DOUBLE (Flyball, 78D, EV 93.8 MPH)
|
Batting: RHB Qian Tai
|
0-0: Called Strike 0-1: Ball 1-1: Ball 2-1: Foul Ball, location: 2F 2-2: Foul Ball, location: 2F 2-2: Foul Ball, location: 2F 2-2: Ball 3-2: Strikes out swinging
|
Batting: LHB Jessie Stewart
|
0-0: Called Strike 0-1: Swinging Strike 0-2: Foul Ball, location: 2F 0-2: Strikes out looking
|
Batting: RHB Bobby Raya
|
0-0: Called Strike 0-1: SINGLE (Line Drive, 7LS, EV 96.2 MPH) Josh Thomson to third Runner from 3rd tries for Home, SAFE, throw by LF to home
|
Batting: RHB Caleb Dean
|
0-0: Foul Ball, location: 2F 0-1: Foul Ball, location: 2F 0-2: Strikes out swinging
|
Top of the 6th over - 1 run, 2 hits, 0 errors, 1 left on base; University of Illinois 5 - Ohio State University 4 |
BOTTOM OF THE 6TH |
Ohio State University Buckeyes batting - Pitching for University of Illinois Fighting Illini : RHP Steve Powell
|
Batting: LHB Zach Brandt
|
0-0: Called Strike 0-1: Ground out 3-1 (Groundball, 13, EV 85.6 MPH)
|
Batting: RHB Masatoshi Mori
|
0-0: Ball 1-0: Ball 2-0: Fly out, F7 (Flyball, 7D, EV 95.0 MPH)
|
Batting: RHB Bo Wu
|
0-0: Ball 1-0: Ball 2-0: Called Strike 2-1: Fly out, F8 (Line Drive, 8RD, EV 94.4 MPH)
|
Bottom of the 6th over - 0 runs, 0 hits, 0 errors, 0 left on base; University of Illinois 5 - Ohio State University 4 |
TOP OF THE 7TH |
University of Illinois Fighting Illini batting - Pitching for Ohio State University Buckeyes : RHP Roberto Morado
|
Pitching: RHP Neville MacDonald
|
|
Batting: RHB Edwardo Tanchez
|
0-0: Ball 1-0: Ball 2-0: Called Strike 2-1: Foul Ball, location: 2F 2-2: Ball 3-2: Base on Balls
|
Batting: RHB Arnold Schuler
|
0-0: Bunted foul 0-1: Sac Bunt to 5S - play at first, batter OUT! 5-3 Edwardo Tanchez to second
|
Batting: LHB Salvador Ramos
|
0-0: Ball 1-0: Ball Balk! Edwardo Tanchez to third 2-0: Ball 3-0: Called Strike 3-1: DOUBLE (Flyball, 89D, EV 95.6 MPH) Edwardo Tanchez scores
|
Batting: RHB Kyle Verkamp
|
0-0: Foul Ball, location: 2F 0-1: Ball 1-1: Foul Ball, location: 2F 1-2: Fly out, F9 (Flyball, 9, EV 89.4 MPH) Runner from 2nd tags up, SAFE at 3rd with throw by RF
|
Batting: SHB Josh Thomson
|
0-0: Ball 1-0: Ball 2-0: Swinging Strike 2-1: Called Strike 2-2: Foul Ball, location: 2F 2-2: Ground out 5-3 (Groundball, 56, EV 98.1 MPH)
|
Top of the 7th over - 1 run, 1 hit, 0 errors, 1 left on base; University of Illinois 6 - Ohio State University 4 |
BOTTOM OF THE 7TH |
Ohio State University Buckeyes batting - Pitching for University of Illinois Fighting Illini : RHP Steve Powell
|
Pitching: RHP Justin Rodrigues
|
|
Batting: RHB Mike Tarantino
|
0-0: Called Strike 0-1: Ball 1-1: Ball 2-1: Ground out 4-3 (Groundball, 4, EV 85.0 MPH)
|
Batting: RHB Bill Daniel
|
0-0: Ball 1-0: Ball 2-0: Called Strike 2-1: Foul Ball, location: 2F 2-2: Foul Ball, location: 2F 2-2: Ball 3-2: Foul Ball, location: 2F 3-2: Base on Balls
|
Batting: RHB Marcelo Bardelli
|
0-0: Ball 1-0: Foul Ball, location: 2F 1-1: Ball 2-1: Ball 3-1: Base on Balls Bill Daniel to second
|
Batting: RHB Jacob Carrano
|
0-0: Foul Ball, location: 2F 0-1: Ball 1-1: Swinging Strike 1-2: Strikes out swinging
|
Batting: LHB Tony Abascal
|
0-0: Called Strike 0-1: Swinging Strike 0-2: Ball 1-2: Strikes out swinging
|
Bottom of the 7th over - 0 runs, 0 hits, 0 errors, 2 left on base; University of Illinois 6 - Ohio State University 4 |
TOP OF THE 8TH |
University of Illinois Fighting Illini batting - Pitching for Ohio State University Buckeyes : RHP Neville MacDonald
|
Pitching: RHP Bob Rowsell
|
|
Batting: RHB Qian Tai
|
0-0: Fly out, F6 (Popup, 6, EV 75.0 MPH)
|
Batting: LHB Jessie Stewart
|
0-0: Called Strike 0-1: Fly out, F7 (Flyball, 78M, EV 89.4 MPH)
|
Batting: RHB Bobby Raya
|
0-0: Called Strike 0-1: Foul Ball, location: 2F 0-2: DOUBLE (Flyball, 89D, EV 101.2 MPH)
|
Batting: RHB Caleb Dean
|
0-0: Called Strike 0-1: Ball 1-1: Ball 2-1: Ball 3-1: Foul Ball, location: 2F 3-2: Foul Ball, location: 2F 3-2: SINGLE (Groundball, 4MD, EV 99.4 MPH) Bobby Raya to third Runner from 3rd tries for Home, throw by CF and OUT! 8-2
|
Top of the 8th over - 0 runs, 2 hits, 0 errors, 1 left on base; University of Illinois 6 - Ohio State University 4 |
BOTTOM OF THE 8TH |
Ohio State University Buckeyes batting - Pitching for University of Illinois Fighting Illini : RHP Justin Rodrigues
|
Pitching: RHP Jose Ramirez
|
|
Batting: LHB Adam Simpson
|
0-0: Foul Ball, location: 2F 0-1: Swinging Strike 0-2: Strikes out swinging
|
Batting: LHB Zach Brandt
|
0-0: Called Strike 0-1: Ball 1-1: Ball 2-1: SINGLE (Groundball, 34D, EV 90.0 MPH) (infield hit)
|
Batting: RHB Masatoshi Mori
|
0-0: Grounds into double play, 4-6-3 (Groundball, 4, EV 81.9 MPH)
|
Bottom of the 8th over - 0 runs, 1 hit, 0 errors, 0 left on base; University of Illinois 6 - Ohio State University 4 |
TOP OF THE 9TH |
University of Illinois Fighting Illini batting - Pitching for Ohio State University Buckeyes : RHP Bob Rowsell
|
Pitching: RHP Leonidas Panagopoulos
|
|
Batting: RHB Edwardo Tanchez
|
0-0: Swinging Strike 0-1: Ball 1-1: Foul Ball, location: 2F 1-2: Foul Ball, location: 2F 1-2: Ball 2-2: Strikes out swinging
|
Batting: RHB Arnold Schuler
|
0-0: Ball 1-0: Called Strike 1-1: Called Strike 1-2: Foul Ball, location: 2F 1-2: Strikes out swinging
|
Batting: LHB Salvador Ramos
|
0-0: Ball 1-0: Ground out 3-1 (Groundball, 34S, EV 80.0 MPH)
|
Top of the 9th over - 0 runs, 0 hits, 0 errors, 0 left on base; University of Illinois 6 - Ohio State University 4 |
BOTTOM OF THE 9TH |
Ohio State University Buckeyes batting - Pitching for University of Illinois Fighting Illini : RHP Jose Ramirez
|
Pitching: RHP Josh Rayburn
|
|
Batting: RHB Bo Wu
|
0-0: Ground out 4-3 (Groundball, 4, EV 107.5 MPH)
|
Batting: RHB Mike Tarantino
|
0-0: SINGLE (Line Drive, 78S, EV 113.1 MPH)
|
Batting: RHB Bill Daniel
|
0-0: Ball 1-0: Ball 2-0: Ball 3-0: Base on Balls Mike Tarantino to second
|
Batting: RHB Marcelo Bardelli
|
0-0: Called Strike 0-1: Swinging Strike 0-2: Foul Ball, location: 2F 0-2: Ball 1-2: Strikes out swinging
|
Batting: RHB Jacob Carrano
|
0-0: Ball 1-0: Ground out U3 (Groundball, 23, EV 87.5 MPH)
|
Bottom of the 9th over - 0 runs, 1 hit, 0 errors, 2 left on base; University of Illinois 6 - Ohio State University 4 |
|